 Dungeon Crawl Stone Soup version 0.31-a0-216-g22e908daa7 (webtiles) character file.

Game seed: 53386369838271361

1567 qw the Skirmisher (level 8, -7/49 HPs)
             Began as a Gargoyle Hexslinger on July 1, 2023.
             Was an Initiate of Okawaru.
             Killed by divine providence
             ... invoked by an orc priest
              (16 damage)
             ... on level 6 of the Dungeon.
             The game lasted 00:01:37 (4567 turns).

qw the Skirmisher (Gargoyle Hexslinger)             Turns: 4567, Time: 00:01:38

Health: -7/49      AC: 12    Str: 11    XL:     8   Next: 90%
Magic:  7/9        EV: 14    Int: 15    God:    Okawaru [......]
Gold:   365        SH:  0    Dex: 17    Spells: 8/9 levels left

rFire   x . .        Y - +4 sling (elec)
rCold   + . .        (no shield)
rNeg    + + +        e - +0 ring mail
rPois   inf          (no helmet)
rElec   +            (no cloak)
rCorr   +            (no gloves)
SInv    .            (no boots)
Will    .....        (no amulet)
Stlth   ++           a - ring "Luimmul" {Ice rN+++ Will- rCorr Dex+3}
HPRegen 0.28/turn    (no ring)
MPRegen 0.11/turn

%: no passive effects
@: about to teleport, heroic
A: sickness immunity, AC +5, negative energy resistance 1, electricity
resistance, torment resistance 1, petrification resistance
a: Renounce Religion


You were on level 6 of the Dungeon.
You worshipped Okawaru.
Okawaru was noncommittal.
You visited 2 branches of the dungeon, and saw 7 of its levels.

You collected 365 gold pieces.


Innate Abilities, Weirdness & Mutations

You are immune to sickness and miasma.
Your stone body is resilient. (AC +5)
You are immune to poison.
You resist negative energy. (rN+)
You are resistant to electric shocks. (rElec)
You are resistant to unholy torment.
You are immune to petrification.


   Skills:
 + Level 5.3(10.3) Fighting
 - Level 9.0(14.0) Ranged Weapons
 - Level 2.3(7.3) Armour
 - Level 2.4(7.4) Dodging
 - Level 1.0 Spellcasting
 - Level 2.6 Hexes
 - Level 2.2 Invocations


You had 8 spell levels left.
You knew the following spells:

 Your Spells              Type           Power      Damage    Failure   Level
a - Slow                  Hex            32%        N/A       17%         1

Your spell library contained the following spells:

 Spells                   Type           Power      Damage    Failure   Level
 Inner Flame              Hex/Fire       4%         N/A       65%         3
 Portal Projectile        Hex/Tloc       8%         N/A       65%         3
 Cause Fear               Hex            4%         N/A       86%         4

Inventory:

Hand Weapons
 Y - a +4 sling of electrocution (weapon)
Armour
 b - a +0 helmet
 e - a +0 ring mail (worn)
Jewellery
 a - the ring "Luimmul" (left hand) {Ice rN+++ Will- rCorr Dex+3}
   (You found it on level 2 of the Dungeon)

   [ring of ice]

   It enhances your ice magic.
   Dex:       It affects your dexterity (+3).
   rF:        It makes you vulnerable to fire.
   rC:        It protects you from cold.
   rN:        It renders you almost immune to negative energy.
   rCorr:     It protects you from acid and corrosion.
   Will:      It decreases your willpower.
 p - an amulet of regeneration
Scrolls
 c - a scroll of identify
Potions
 d - a potion of enlightenment
 f - 2 potions of curing
 g - a potion of lignification {unknown}
 h - a potion of magic {unknown}
 i - a potion of mutation {unknown}
 j - a potion of heal wounds
 k - 2 potions of cancellation
 l - a potion of degeneration {unknown}
 m - a potion of might {unknown}
 n - a potion of attraction {unknown}

Dungeon Overview and Level Annotations

Branches:
Dungeon (6/15)             Temple (1/1) D:5

Altars:
Ashenzari
Dithmenos
Elyvilon
Kikubaaqudgha
Makhleb
Okawaru
Qazlal
Ru
Sif Muna
Xom
Yredelemnul
Zin
The Shining One

Shops:
D:1 (   D:2 *   D:6 [


Message History

Enter note:
Enter note:
4560 ||| INVOKING Heroism.
You gain the combat prowess of a mighty hero.
You shoot a sling bullet. The orc priest shouts!
The sling bullet hits the ogre!
The ogre is moderately wounded.
You hear a shout!
An orc priest comes into view. It is wielding a +0 flail.
An orc comes into view. It is wielding a +0 dagger.
You shoot a sling bullet. The orc shouts!
The sling bullet hits the ogre but does no damage.
The ogre is moderately wounded.
The orc priest mumbles some strange prayers to Beogh against you.
Beogh smites you!
You shoot a sling bullet. The sling bullet hits the ogre.
The ogre is heavily wounded.
You shoot a sling bullet. The sling bullet hits the ogre.
Lightning courses through the ogre!
The ogre is almost dead.
An orc comes into view. It is wielding a +0 club.
You can no longer gain great but temporary skills.
You shoot a sling bullet. The orc shouts!
The sling bullet hits the ogre.
The ogre is almost dead.
You shoot a sling bullet.
The sling bullet hits the ogre but does no damage.
The ogre is almost dead.
The orc priest invokes the aid of Beogh against you.
Beogh smites you!
The ogre hits you with a +0 giant club!!
4567 ||| READING scroll of teleportation.
As you read the scroll of teleportation, it crumbles to dust.
You feel strangely unstable.
The orc priest invokes the aid of Beogh against you.
Beogh smites you!
You die...

.#............#
#...#.........##.......
#..#...(......##......#
###...#.......##o$....##
..#..#........#..o.....
..###...........oo...##
.#.[.#................#
#.....#..........O8.8.#
........#####...@o.\..#
#.....#[# #.....8.8##
.#...#..# ###........#
..###...###..........#
..#..#...##.##########
#...#.....#
#..#.....#### #...#...##
.#......#


You could see an ogre, 2 orc priests and 3 orcs.

Vanquished Creatures
  Sigmund (D:5)
  Edmund (D:5)
  A water moccasin (D:4)
  A black bear (D:5)
  2 ogres
  A kobold brigand (D:6)
  A scorpion (D:4)
  5 wights (D:4)
  3 jellies
  A hound (D:4)
  3 sleepcaps
  3 orc wizards (D:4)
  Robin (D:2)
  3 gnolls (D:2)
  11 adders
  A white imp (D:5)
  A worm (D:2)
  3 dart slugs
  5 orcs
  5 bats
  7 endoplasms
  5 giant cockroaches
  13 goblins
  11 hobgoblins
  2 jackals (D:3)
  10 kobolds
  2 quokkas
  A ball python (D:4)
  5 frilled lizards
  8 rats
117 creatures vanquished.

Notes
Turn   | Place    | Note
-------+----------+-------------------------------------------
     0 | D:1      | qw the Gargoyle Hexslinger began the quest for the Orb.
     0 | D:1      | Reached XP level 1. HP: 12/12 MP: 2/2
     0 | D:1      | 0 ||| qw: Version: 0.3-a-35-g05ef00e
     0 | D:1      | 0 ||| qw: Game counter: 7731
     0 | D:1      | 0 ||| qw: Melee chars always use a shield: true
     0 | D:1      | 0 ||| qw: God list: Okawaru
     0 | D:1      | 0 ||| qw: Allow faded altars: false
     0 | D:1      | 0 ||| qw: Do Orc after clearing Dungeon:15 true
     0 | D:1      | 0 ||| qw: Do second Lair branch before Depths: true
     0 | D:1      | 0 ||| qw: Lair rune preference: random
     0 | D:1      | 0 ||| qw: Goals: Normal
     0 | D:1      | 0 ||| PLANNING D:1-11
   151 | D:1      | Reached XP level 2. HP: 16/16 MP: 3/3
   223 | D:1      | Reached skill level 3 in Ranged Weapons
   245 | D:1      | Found a faded altar of an unknown god.
   470 | D:1      | Reached XP level 3. HP: 21/21 MP: 4/4
   513 | D:1      | Found Xuraca's Weapon Shop.
   619 | D:1      | 619 ||| UPGRADING to +0 ring mail.
   629 | D:1      | 629 ||| DROPPING +0 robe.
   630 | D:1      | 630 ||| READING scroll labelled JYOSEN OLAON.
   631 | D:1      | 631 ||| READING 2 scrolls labelled IMPIGE TIEKEADEOMN.
   632 | D:1      | 632 ||| READING scroll labelled WIBRYU CEINEIKIZEO.
   633 | D:1      | 633 ||| READING scroll labelled FIUKKA VYGAVIL.
   649 | D:1      | 649 ||| READING scroll labelled IJAXAX RENI.
   650 | D:1      | 650 ||| READING scroll labelled ANORAO VUICEQI.
   651 | D:1      | 651 ||| DROPPING scroll of poison.
   652 | D:1      | 652 ||| DROPPING scroll of fog.
   675 | D:2      | Identified the ring "Luimmul" {Ice rN+++ Will- rCorr Dex+3}
   719 | D:2      | Noticed Robin
   721 | D:2      | Killed Robin
   722 | D:2      | Reached skill level 4 in Ranged Weapons
   722 | D:2      | Reached XP level 4. HP: 26/26 MP: 5/5
   791 | D:2      | Reached skill level 1 in Armour
   912 | D:2      | Reached XP level 5. HP: 23/30 MP: 6/6
   973 | D:2      | Found Esuro's General Store.
  1018 | D:2      | Identified the +7 shadow dragon scales of Unambiguity {rN+
                  | Int+3 Stlth++++}
  1365 | D:2      | 1365 ||| UPGRADING to ring "Luimmul" {Ice rN+++ Will- rCorr
                  | Dex+3}.
  1366 | D:2      | 1366 ||| READING scroll labelled UDGHAE OLIMEPH.
  1367 | D:2      | 1367 ||| DRINKING 2 green potions.
  1368 | D:2      | 1368 ||| DRINKING 2 fizzy dark potions.
  1653 | D:3      | Reached skill level 5 in Ranged Weapons
  2323 | D:4      | 2323 ||| Stepping ~*~*~tactically~*~*~ (outnumbered).
  2342 | D:4      | Noticed a water moccasin
  2352 | D:4      | HP: 8/32 [water moccasin (8)]
  2357 | D:4      | Killed a water moccasin
  2358 | D:4      | Reached XP level 6. HP: 12/39 MP: 7/7
  2362 | D:4      | HP: 8/39 [sleepcap (4)]
  2506 | D:4      | Reached XP level 7. HP: 44/44 MP: 8/8
  2520 | D:4      | Found a glowing golden altar of the Shining One.
  2523 | D:4      | Reached skill level 6 in Ranged Weapons
  2524 | D:4      | Noticed an angel
  2529 | D:4      | Found a basalt altar of Yredelemnul.
  2531 | D:4      | Noticed a profane servitor
  2562 | D:4      | 2562 ||| DRINKING 3 potions of curing.
  2562 | D:4      | 2562 ||| (to cure confusion)
  2565 | D:4      | 2565 ||| DRINKING 2 potions of curing.
  2565 | D:4      | 2565 ||| (to cure confusion)
  2699 | D:4      | 2699 ||| READING 2 scrolls of enchant weapon.
  2699 | D:4      | 2699 ||| ENCHANTING +2 sling of electrocution.
  2700 | D:4      | 2700 ||| READING scroll of enchant weapon.
  2700 | D:4      | 2700 ||| ENCHANTING +3 sling of electrocution.
  2719 | D:4      | Reached skill level 7 in Ranged Weapons
  2726 | D:4      | HP: 4/44 [wight/+3 long sword of freezing (10)]
  2988 | D:4      | 2988 ||| FLEEEEING.
  2989 | D:4      | 2989 ||| FLEEEEING.
  2990 | D:4      | 2990 ||| FLEEEEING.
  2991 | D:4      | 2991 ||| FLEEEEING.
  2992 | D:4      | 2992 ||| FLEEEEING.
  2993 | D:4      | 2993 ||| FLEEEEING.
  2994 | D:4      | 2994 ||| FLEEEEING.
  2995 | D:4      | 2995 ||| FLEEEEING.
  2996 | D:4      | 2996 ||| FLEEEEING.
  2998 | D:4      | Reached XP level 8. HP: 44/48 MP: 9/9
  3001 | D:4      | 3001 ||| Stepping randomly (disturbance).
  3002 | D:4      | 3002 ||| Stepping randomly (disturbance).
  3008 | D:4      | Reached skill level 8 in Ranged Weapons
  3165 | D:4      | 3165 ||| READING scroll labelled TIELI EXALENI.
  3166 | D:4      | 3166 ||| DRINKING 2 metallic red potions.
  3167 | D:4      | 3167 ||| READING 2 scrolls of identify.
  3167 | D:4      | 3167 ||| IDENTIFYING orange potion
  3209 | D:5      | Entered Level 5 of the Dungeon
  3275 | D:5      | Found a staircase to the Ecumenical Temple.
  3276 | D:5      | 3276 ||| PLANNING TEMPLE
  3284 | Temple   | Entered the Ecumenical Temple
  3289 | Temple   | 3289 ||| PLANNING OKAWARU WORSHIP
  3431 | Temple   | Became a worshipper of Warmaster Okawaru
  3432 | Temple   | 3432 ||| PLANNING D:1-11
  3636 | D:5      | Noticed Edmund
  3641 | D:5      | Killed Edmund
  3644 | D:5      | Noticed Sigmund
  3649 | D:5      | Killed Sigmund
  3649 | D:5      | Reached * piety under Okawaru
  3650 | D:5      | Reached skill level 9 in Ranged Weapons
  3842 | D:5      | 3842 ||| INVOKING Heroism.
  3881 | D:5      | 3881 ||| INVOKING Heroism.
  3887 | D:5      | Reached skill level 1 in Invocations
  4482 | D:5      | 4482 ||| READING 2 scrolls labelled VASUNA YTHIEJA.
  4485 | D:5      | 4485 ||| READING scroll labelled DIDGHA TOONIRCHALL.
  4555 | D:6      | Found Ruduk's Armour Shop.
  4560 | D:6      | 4560 ||| INVOKING Heroism.
  4566 | D:6      | HP: 9/49 [ogre/+0 giant club (18)]
  4567 | D:6      | 4567 ||| READING scroll of teleportation.
  4567 | D:6      | Killed from afar by an orc priest

Levels and vault maps discovered:
D:1:      dpeg_arrival_rhombus, layout_loops_ring, serial_shops, shop,
          basic_ecumenical_altar
D:2:      layout_loops_ring, serial_shops, nicolae_shop_hallway_stairs,
          nicolae_half_adder, uniq_robin
D:3:      layout_basic
D:4:      layout_rooms, grunt_temple_overflow_holy_war, minmay_pentangle
D:5:      layout_layer_cave, minmay_temple_entry_slanted, nicolae_the_louvre,
          uniq_sigmund, uniq_edmund
D:6:      layout_basic, serial_shops, nicolae_shop_tiny_statue_garden,
          minmay_splitting_lines, nicolae_letterblocks [nicolae_letter_subblock,
          nicolae_letter_subblock, nicolae_letter_subblock,
          nicolae_letter_subblock, nicolae_letter_subblock,
          nicolae_letter_subblock, nicolae_letter_subblock,
          nicolae_letter_subblock, nicolae_letter_subblock,
          nicolae_letter_subblock, nicolae_letter_subblock,
          nicolae_letter_subblock, nicolae_letter_subblock,
          nicolae_letter_subblock, nicolae_letter_subblock,
          nicolae_letter_subblock, nicolae_letter_subblock,
          nicolae_letter_subblock, nicolae_letter_subblock,
          nicolae_letter_subblock, nicolae_letter_subblock,
          nicolae_letter_subblock, nicolae_letter_subblock,
          nicolae_letter_subblock, nicolae_letter_subblock]
Temple:   jpeg_temple_clearing

Skill      XL: |  1  2  3  4  5  6  7  8 |
---------------+-------------------------+-----
Ranged Weapons | 3 4 5 7 9 |  9.0
Fighting       | 2 4 5 |  5.3
Armour         | 1 2 |  2.3
Dodging        | 2 |  2.4
Invocations    | 2 |  2.2
Spellcasting   | |  1.0
Hexes          | |  2.6

Action                     |  1- 3 |  4- 6 |  7- 9 || total
---------------------------+-------+-------+-------++-------
   Fire: Sling             |   103 |   119 |   122 ||   344
 Invoke: Heroism           |       |       |     3 ||     3
    Use: Scroll            |     6 |     1 |     7 ||    14
         Potion            |       |     2 |     3 ||     5
 Armour: Robe              |    18 |       |       ||    18
         Ring mail         |     3 |    37 |    18 ||    58
  Dodge: Dodged            |    21 |    39 |    11 ||    71

Table legend:
 A = Non-vault XP
 B = Vault XP
 C = Vault XP percentage of total XP
 D = Non-vault monster count
 E = Vault monster count
 F = Vault count percentage of total count
                 A         B        C        D         E       F
            +---------+---------+-------+---------+---------+-------
      Total |    1517 |     722 |  32.2 |      92 |      25 |  21.4
            +---------+---------+-------+---------+---------+-------
        D:1 |      35 |       0 |   0.0 |      22 |       0 |   0.0
        D:2 |      97 |      63 |  39.4 |      21 |      14 |  40.0
        D:3 |      47 |       0 |   0.0 |      12 |       0 |   0.0
        D:4 |     809 |     249 |  23.5 |      24 |       9 |  27.3
        D:5 |     423 |     410 |  49.2 |      10 |       2 |  16.7
        D:6 |     106 |       0 |   0.0 |       3 |       0 |   0.0
            +---------+---------+-------+---------+---------+-------
